 Dungeon Crawl Stone Soup version 0.13-a0-1590-g33f0eee (webtiles) character file.

2601 Holden the Ducker (level 9, -2/54 HPs)
             Began as an Octopode Transmuter on June 13, 2013.
             Slain by an unseen horror (9 damage)
             ... on Level 7 of the Dungeon.
             The game lasted 00:36:58 (13794 turns).

Holden the Ducker (Octopode Transmuter)            Turns: 13794, Time: 00:36:58

HP  -2/54        AC  2     Str  9      XL: 9   Next: 38%
MP  10/13        EV 26     Int 19      God:
Gold 336         SH  0     Dex 18      Spells:  4 memorised,  1 level left

Res.Fire  : + . .   See Invis. : .     - Unarmed
Res.Cold  : . . .   Warding    : .   (shield currently unavailable)
Life Prot.: . . .   Conserve   : +   (helmet currently unavailable)
Res.Poison: x       Res.Corr.  : .   n - amulet of conservation
Res.Elec. : .       Clarity    : .   u - +1 ring of intelligence
Sust.Abil.: . .     Spirit.Shd : .   e - ring of protection from fire
Res.Mut.  : .       Stasis     : .   (no ring)
Res.Rott. : .       Flight     : .   (no ring)
Saprovore : . . .                    (no ring)
                                     (no ring)
                                     (no ring)
                                     (no ring)

@: spider-form, invisible, very slightly contaminated, hasted, very quick,
slightly resistant to hostile enchantments, unstealthy
A: almost no armour, amphibious, 8 rings, (constrict 8), (camouflage 0)
a: End Transformation


You were on level 7 of the Dungeon.
You were hungry.
You were in spider-form.
You visited 1 branch of the dungeon, and saw 8 of its levels.

You collected 316 gold pieces.

Inventory:

Hand weapons
 q - a -3,-1 sling
Missiles
 b - 8 arrows
 j - 4 needles of paralysis
 t - a dart of frost (quivered)
 w - 13 sling bullets of frost
 z - a throwing net
 A - 16 poisoned needles
Magical devices
 l - a wand of magic darts (14)
 o - a wand of cold (6)
 v - a wand of confusion (0)
 B - a wand of polymorph (3)
 H - a wand of lightning (2)
Comestibles
 a - 2 bread rations
 h - 14 strawberries
 C - 2 royal jellies
 G - a cheese
 I - 4 meat rations
 L - a pear
 N - a rotting chunk of bat flesh
Scrolls
 c - a scroll of fear
 f - 3 scrolls of remove curse
 g - 2 scrolls of magic mapping
 y - a scroll of enchant weapon II
 M - a scroll of identify
 O - a scroll of acquirement {unknown}
Jewellery
 e - a ring of protection from fire (right front leg)
 n - an amulet of conservation (around neck)
 u - a +1 ring of intelligence (left front leg)
Potions
 k - a potion of mutation
 m - 2 potions of restore abilities
 x - 2 potions of slowing {unknown}
 D - a potion of paralysis {unknown}
 E - a potion of brilliance
 F - 2 potions of poison {unknown}
 J - a potion of magic {unknown}
Books
 d - a book of Changes

   Spells                             Type                      Level
   *Beastly Appendage                 Transmutation                1
   *Sticks to Snakes                  Transmutation                2
   *Spider Form                       Transmutation/Poison         3
   Ice Form                           Ice/Transmutation            4
   *Blade Hands                       Transmutation                5
 s - a book of Wizardry

   Spells                             Type                      Level
   Summon Elemental                   Summoning                    4
   Agony                              Necromancy                   5
   Lightning Bolt                     Conjuration/Air              5
   Fireball                           Conjuration/Fire             5
   Haste                              Charms                       6
   Invisibility                       Hexes                        6


   Skills:
 - Level 1.0 Fighting
 - Level 7.0 Dodging
 - Level 6.9 Unarmed Combat
 - Level 2.0 Spellcasting
 + Level 6.6 Transmutations
 - Level 2.6 Poison Magic


You had one spell level left.
You knew the following spells:

 Your Spells              Type           Power        Failure   Level  Hunger
a - Beastly Appendage     Trmt           ####..       6%          1    #......
b - Sticks to Snakes      Trmt           ####......   6%          2    ##.....
c - Spider Form           Trmt/Pois      ###.......   24%         3    ####...
d - Blade Hands           Trmt           ####......   56%         5    ######.


Dungeon Overview and Level Annotations

Branches:
Dungeon (8/27)             Temple (0/1) D:6
    Orc: D:6-11        Lair: D:8-13

Altars:
Okawaru
Trog
Yredelemnul

Annotations
D:7 Joseph


Innate Abilities, Weirdness & Mutations

You cannot wear most types of armour.
You are amphibious.
You can wear up to eight rings at the same time.*
((You can use your tentacles to constrict many enemies at once.))*
((Your skin changes colour to match your surroundings (Stlth).))*
((Your rubbery body absorbs attacks (AC +1).))*


Message History

Unknown command.
Drink which item? (? for menu, Esc to quit)
You fade into invisibility!
Casting: Spider Form
Confirm with . or Enter, or press ? or * to list all spells.
You turn into a venomous arachnid creature.
You are feeling hungry.
Found a scroll of fear.
c - a scroll of fear
There are no items here.
Unknown command.
Read which item? (? for menu, Esc to quit)
Okay, then.
Evoke which item? (* to show all) (? for menu, Esc to quit)
Okay, then.
Unknown command.
Evoke which item? (* to show all) (? for menu, Esc to quit)
Okay, then.
It hits you!
You die...

#.#.###.##########.#
#.#...........# #.#
#.........###.# #.#
#.#######)#.# #. #.#
........%%#.# #. #.#
#.#######.#.# #. #.#
#.# #.#.# #. #<# #.#
#.#.# #.###### #.#
#.#.###?s....# #.#
#.#...[..###.# #.#
#.######.# #.# #.#
#.# #.# #.# #.# #.#
#.###.# #.# #.#
#.....# #.#######.#
####### ..........#
....#######


There were no monsters in sight!

Vanquished Creatures
  A black bear (D:4)
  An ogre (D:4)
  A yellow wasp (D:7)
  A cyclops skeleton (D:7)
  A centaur (D:6)
  3 ice beasts (D:7)
  Duvessa (D:6)
  3 giant frogs
  A giant frog skeleton (D:7)
  A gnoll sergeant (D:6)
  A water moccasin zombie (D:7)
  3 killer bees (D:7)
  A crimson imp (D:6)
  Dowan (D:6)
  An orc priest (D:5)
  A hound (D:4)
  A quasit (D:7)
  Crazy Yiuf (D:6)
  2 orc wizards
  3 iguanas
  2 worker ants (D:5)
  A scorpion (D:6)
  A worm zombie (D:7)
  Ijyb (D:5)
  A jelly (D:5)
  11 adders
  9 gnolls
  An iguana zombie (D:5)
  A scorpion zombie (D:5)
  An adder zombie (D:5)
  An inept feature mimic (D:5)
  2 giant mites
  2 worms
  A bat zombie (D:6)
  12 orcs
  A ball python (D:2)
  5 giant cockroaches
  23 goblins
  11 hobgoblins
  2 quokkas
  23 bats
  6 giant geckos
  3 giant newts
  21 jackals
  10 kobolds
  A kobold skeleton (D:6)
  11 rats
  A rat zombie (D:6)
  A butterfly (D:6)
195 creatures vanquished.

Vanquished Creatures (collateral kills)
  Edmund (D:5)
  An ogre (D:7)
  Sigmund (D:5)
  A giant frog (D:4)
  Jessica (D:2)
  6 adders
  A giant mite (D:6)
  A worm (D:4)
  3 orcs (D:4)
  A hobgoblin (D:2)
  2 goblins (D:2)
19 creatures vanquished.

Vanquished Creatures (others)
  A hobgoblin (D:4)
  A goblin (D:2)
  A quokka (D:7)
  2 rats
5 creatures vanquished.

Grand Total: 219 creatures vanquished

Notes
Turn   | Place    | Note
--------------------------------------------------------------
     0 | D:1      | Holden, the Octopode Transmuter, began the quest for the Orb.
     0 | D:1      | Reached XP level 1. HP: 13/13 MP: 1/1
   394 | D:1      | Reached XP level 2. HP: 18/18 MP: 3/3
   978 | D:1      | Learned a level 2 spell: Sticks to Snakes
  1145 | D:1      | Reached XP level 3. HP: 23/23 MP: 4/4
  1560 | D:2      | Learned a level 3 spell: Spider Form
  1851 | D:2      | Reached skill level 4 in Transmutations
  1851 | D:2      | Reached XP level 4. HP: 17/28 MP: 6/6
  2488 | D:2      | Noticed Jessica
  2510 | D:2      | Reached skill level 1 in Poison Magic
  2518 | D:2      | Killed Jessica
  3480 | D:3      | Reached XP level 5. HP: 29/33 MP: 5/7
  4968 | D:4      | Reached XP level 6. HP: 24/38 MP: 1/9
  5232 | D:4      | Reached skill level 5 in Unarmed Combat
  5945 | D:4      | Noticed a black bear
  5977 | D:4      | Killed a black bear
  5977 | D:4      | Reached skill level 6 in Unarmed Combat
  6154 | D:4      | Reached XP level 7. HP: 43/43 MP: 6/10
  6626 | D:4      | Found an iron altar of Okawaru.
  7142 | D:5      | Entered Level 5 of the Dungeon
  7271 | D:5      | Noticed Edmund
  7294 | D:5      | Killed Edmund
  7674 | D:5      | Noticed Ijyb
  7688 | D:5      | Killed Ijyb
  8240 | D:5      | Reached XP level 8. HP: 39/49 MP: 12/12
  8269 | D:5      | Noticed Sigmund
  8323 | D:5      | Killed Sigmund
  8435 | D:5      | Found a bloodstained altar of Trog.
  8710 | D:5      | Found a basalt altar of Yredelemnul.
  9641 | D:6      | Found a staircase to the Ecumenical Temple.
  9849 | D:6      | Reached skill level 5 in Dodging
 10177 | D:6      | Noticed Duvessa
 10187 | D:6      | Noticed Dowan
 10206 | D:6      | Killed Duvessa
 10214 | D:6      | Killed Dowan
 10557 | D:6      | Learned a level 5 spell: Blade Hands
 11057 | D:6      | Noticed a hill giant
 11124 | D:6      | a hill giant changed into a pulsating lump
 11207 | D:6      | Noticed Crazy Yiuf
 11263 | D:6      | Killed Crazy Yiuf
 11847 | D:7      | Reached skill level 7 in Dodging
 12057 | D:7      | Reached XP level 9. HP: 52/54 MP: 2/13
 12166 | D:7      | Reached skill level 5 in Transmutations
 13592 | D:7      | Noticed Joseph
 13794 | D:7      | Slain by an unseen horror

Action                   |  1- 3 |  4- 6 |  7- 9 || total
-------------------------+-------+-------+-------++-------
Melee: Unarmed           |    85 |   130 |   316 ||   531
Throw: Dart              |     1 |     5 |     2 ||     8
 Cast: Beastly Appendage |     4 |    12 |    16 ||    32
       Sticks to Snakes  |     2 |    27 |    48 ||    77
       Spider Form       |       |     6 |    21 ||    27
       Blade Hands       |       |       |     2 ||     2
Evoke: Wand              |       |     2 |    26 ||    28
  Use: Scroll            |     2 |     9 |    14 ||    25
       Potion            |       |     2 |    10 ||    12
 Stab: Sleeping          |     2 |     1 |     4 ||     7
       Distracted        |       |     1 |     1 ||     2
       Confused          |       |       |     1 ||     1
